 Dungeon Crawl Stone Soup version 0.29.1-12-g30fa7ad0bf (webtiles) character file.

Game seed: 9260404711452981301

87437 mopl the Unseen (level 15, -1/99 (101) HPs)
             Began as an Octopode Delver on Jan 2, 2023.
             Was the Champion of Dithmenos.
             Shot with an arrow by a centaur (8 damage)
             ... led by a centaur warrior
             ... while paralysed by an ogre mage
             ... on level 15 of the Dungeon on Jan 5, 2023.
             The game lasted 01:24:27 (25531 turns).

mopl the Unseen (Octopode Delver)                  Turns: 25531, Time: 01:24:27

HP:   -1/99 (101)   AC: 10    Str: 12    XL:     15   Next: 90%
MP:   31/31         EV:  2    Int: 31    God:    Dithmenos [******]
Gold: 1198          SH:  0    Dex: 14    Spells: 6/24 levels left

rFire   . . .      SeeInvis +   a - +1 dagger (venom)
rCold   . . .      Faith    .   Y - +2 buckler {reflect}
rNeg    . . .      Spirit   .   q - +1 hat of Indecent Exposure {rElec Slay+2}
rPois   .          Reflect  +   i - amulet of regeneration
rElec   +          Harm     .   B - +6 ring of intelligence
rCorr   .          Rampage  .   D - +6 ring of intelligence
Will    +....                   H - ring of see invisible Stlth ****++++++
                                Q - +4 ring of evasion
HPRegen 1.06/turn               W - +4 ring of protection
MPRegen 0.22/turn               J - +4 ring of protection
                                M - ring of magical power
                                x - +4 ring of slaying

@: paralysed, wreathed by umbra, lightly drained
A: almost no armour, amphibious, 8 rings, camouflage 1, gelatinous body 1,
(nimble swimmer 1), tentacles
a: Renounce Religion, Shadow Step, Shadow Form


You were on level 15 of the Dungeon.
You worshipped Dithmenos.
Dithmenos was exalted by your worship.
You visited 4 branches of the dungeon, and saw 23 of its levels.
You also visited: Sewer, Bailey and Gauntlet.

You collected 2268 gold pieces.
You spent 1070 gold pieces at shops.

Inventory:

Hand Weapons
 a - a +1 dagger of venom (weapon)
 b - a +9 scimitar
 K - a +1 long sword of flaming
 R - a +0 rapier of speed
Missiles
 l - 15 poisoned darts (quivered)
 m - 15 boomerangs
 o - 14 curare-tipped darts
 C - 31 javelins
 G - 4 throwing nets
 Z - 4 datura-tipped darts
Armour
 q - the +1 hat of Indecent Exposure (worn) {rElec Slay+2}
   (You found it in a Gauntlet)

   Slay:      It affects your accuracy & damage with ranged weapons and melee
   (+2).
   rElec:     It insulates you from electricity.
 Y - a +2 buckler of reflection (worn)
Jewellery
 i - an amulet of regeneration (around mantle)
 n - a ring of ice
 x - a +4 ring of slaying (on tentacle)
 B - a +6 ring of intelligence (left tentacle)
 D - a +6 ring of intelligence (right tentacle)
 H - a ring of see invisible (on tentacle)
 J - a +4 ring of protection (on tentacle)
 M - a ring of magical power (on tentacle)
 Q - a +4 ring of evasion (on tentacle)
 V - a +6 ring of intelligence
 W - a +4 ring of protection (on tentacle)
Wands
 f - a wand of digging (11)
 r - a wand of flame (17)
 z - a wand of light (7)
 F - a wand of paralysis (20)
 T - a wand of polymorph (1)
 U - a wand of mindburst (17)
 X - a wand of iceblast (3)
Scrolls
 c - 9 scrolls of magic mapping
 d - 4 scrolls of fear
 k - 4 scrolls of fog
 p - 6 scrolls of teleportation
 s - 4 scrolls of vulnerability
 t - 2 scrolls of identify
 v - 2 scrolls of blinking
 y - 6 scrolls of poison
 L - 4 scrolls of silence {!r}
 P - 2 scrolls of immolation
Potions
 e - 3 potions of haste
 g - 3 potions of cancellation
 h - 4 potions of might
 j - 5 potions of flight
 u - 2 potions of brilliance
 w - 9 potions of curing
 A - a potion of resistance
 E - 4 potions of lignification {!q}
 I - 2 potions of invisibility
 N - 3 potions of ambrosia
 O - 2 potions of heal wounds
 S - 2 potions of berserk rage {!q}


   Skills:
 + Level 9.3 Fighting
 - Level 9.2(10.3) Short Blades
 + Level 7.5(9.6) Long Blades
 + Level 11.3 Throwing
 + Level 6.6 Dodging
 + Level 17.0 Stealth
 + Level 9.3 Shields
 - Level 5.0 Spellcasting
 + Level 3.5 Conjurations
 + Level 2.4 Hexes
 - Level 3.0 Ice Magic
 + Level 6.2 Air Magic
 + Level 6.0 Poison Magic
 + Level 10.3 Evocations


You had 6 spell levels left.
You knew the following spells:

 Your Spells              Type           Power      Damage    Failure   Level
c - Freezing Cloud        Conj/Ice/Air   17%        6-21      32%         5
d - Mephitic Cloud        Conj/Pois/Air  40%        N/A       2%          3
n - Swiftness             Air            46%        N/A       1%          3
o - Olgreb's Toxic Radia  Pois           45%        N/A       5%          4
t - Tukima's Dance        Hex            23%        N/A       8%          3

Your spell library contained the following spells:

 Spells                   Type           Power      Damage    Failure   Level
 Magic Dart               Conj           100%       1d8       1%          1
 Shock                    Conj/Air       100%       1d9       1%          1
 Sting                    Tmut/Pois      100%       1d8       1%          1
 Poisonous Vapours        Pois/Air       90%        N/A       1%          2
 Static Discharge         Conj/Air       38%        3-8/arc   1%          2
 Airstrike                Air            23%        2d(4-20)  4%          4
 Ignite Poison            Fire/Tmut/Pois 20%        N/A       9%          3
 Call Imp                 Summ           7%         N/A       10%         2
 Conjure Flame            Conj/Fire      18%        6-21      10%         3
 Portal Projectile        Hex/Tloc       30%        N/A       12%         3
 Hailstorm                Conj/Ice       27%        3d7       17%         4
 Summon Lightning Spire   Summ/Air       27%        N/A       19%         4
 Lightning Bolt           Conj/Air       19%        1d33      26%         5
 Sticky Flame             Conj/Fire      18%        2d4       32%         4
 Ice Form                 Ice/Tmut       17%        N/A       34%         4
 Iskenderun's Battlesphe  Conj           29%        2d8       41%         5
 Dispel Undead            Necr           7%         3d8       54%         4
 Blade Hands              Tmut           3%         N/A       88%         5
 Iron Shot                Conj/Erth      9%         9d3       99%         6
 Simulacrum               Ice/Necr       8%         N/A       99%         6
 Malign Gateway           Summ/Tloc      3%         N/A       100%        7
 Spellforged Servitor     Conj/Summ      9%         N/A       100%        7
 Summon Horrible Things   Summ           3%         N/A       100%        8


Dungeon Overview and Level Annotations

Branches:
Dungeon (15/15)            Temple (1/1) D:6            Lair (5/5) D:8
 Shoals (0/4) Lair:3       Spider (0/4) Lair:2        Slime (0/5) Lair:4
    Orc (2/2) D:10            Elf (0/3) Orc:2        Vaults (0/5) D:14
 Depths (0/4) D:15          Sewer (visited)          Bailey (visited)
Gauntlet (visited)

Altars:
Ashenzari
Cheibriados
Dithmenos
Elyvilon
Fedhas
Gozag
Hepliaklqana
Kikubaaqudgha
Makhleb
Nemelex Xobeh
Okawaru
Qazlal
Ru
Sif Muna
Trog
Uskayaw
Vehumet
Wu Jian
Xom
Yredelemnul
Zin
The Shining One
Jiyva

Shops:
D:2 [   D:7 ?   D:8 (   D:14 [   Orc:2 [([[:

Annotations:
D:6 bb
D:12 3 runed translucent doors, t4s4d4r's ghost, journeyman DECj
Lair:4 1 runed translucent door
Lair:5 bb


Innate Abilities, Weirdness & Mutations

You cannot wear most types of armour.
You are amphibious.
You can wear up to eight rings at the same time.
Your skin changes colour to match your surroundings (Stealth+).
Your rubbery body absorbs attacks. (AC +1, EV +1)
((You are camouflaged when in or above water. (Stealth+)))
You have tentacles for arms and can constrict up to eight enemies at once.


Message History

The skeletal warrior completely misses you.
You slice the skeletal warrior!!
You destroy the skeletal warrior!
Dithmenos accepts your kill.
No target in view!
You see here a +0 dire flail.
Things that are here:
a +0 giant club; a +0 giant club
There is a stone staircase leading down, spattered with blood here.
Your +1 dagger of venom begins to drip with poison!
a - a +1 dagger of venom (weapon)
You climb downwards.
The centaur shoots an arrow.
You reflect the arrow off your +2 buckler of reflection!
The arrow hits the centaur!
The ogre mage casts a spell at you. The bolt of magma hits you!!
You emit a cloud of dark smoke.
The fire giant skeleton completely misses you.
The two-headed ogre hits you with a +0 giant spiked club!!
The two-headed ogre closely misses you.
The centaur shoots an arrow.
The arrow misses you.
The ogre mage points at you and mumbles some strange words.
You suddenly lose the ability to move!
You hear two shouts!
The centaur shoots an arrow.
The arrow hits you!
You emit a cloud of dark smoke.
The fire giant skeleton hits you!
You emit a cloud of dark smoke.
The ogre mage gestures at you while chanting.
You shrug off the repeated paralysis!
The two-headed ogre hits you with a +0 giant spiked club!
* * * LOW HITPOINT WARNING * * *
You emit a cloud of dark smoke.
The two-headed ogre hits you with a +0 giant club.
* * * LOW HITPOINT WARNING * * *
The centaur shoots an arrow.
The arrow hits you.
* * * LOW HITPOINT WARNING * * *
The fire giant skeleton hits you but does no damage.
The centaur shoots an arrow.
The arrow hits you.
* * * LOW HITPOINT WARNING * * *
The centaur shoots an arrow.
The arrow hits you!
You die...

......# .......
##.......
#....c...#############
#.# ##.....#.....## .)#
##.............## .##
#......§§§§§....# .#
#......§§§§§....# .#
#......§O@O§....#
########.....§§§§Z.....#
...........z..c§§§.....#
#########.........<...##
##...........##
######.###### ###.#
##...# ###..###


You could see a two-headed ogre, an ogre mage, a centaur and a fire giant
skeleton.

Vanquished Creatures
  Gastronok (D:8)
  2 orc warlords
  A minotaur (Gauntlet)
  An ettin (Orc:2)
  2 fire dragons (D:14)
  4 hydras
  A vault guard (D:14)
  Harold (Lair:1)
  A yaktaur captain (D:14)
  3 boulder beetles
  6 two-headed ogres
  4 centaur warriors
  A tengu warrior (D:12)
  7 death yaks
  2 orc high priests (Orc:2)
  Amaemon (Lair:3)
  A shadow wraith (D:14)
  2 skeletal warriors
  4 deep elf pyromancers
  A golden dragon skeleton (D:15)
  A lindwurm (Lair:5)
  4 orc knights
  A phantasmal warrior (D:15)
  A necromancer (D:15)
  5 orc sorcerers
  A wolf spider (D:14)
  6 cyclopes
  14 ugly things
  6 manticores
  A moth of wrath (Gauntlet)
  2 black mambas
  An orange demon (Lair:3)
  2 gargoyles (D:12)
  Psyche (D:11)
  6 cane toads
  4 rime drakes
  2 unseen horrors (D:13)
  A cane toad (shapeshifter) (D:14)
  Maggie (D:8)
  A kobold demonologist (D:11)
  4 komodo dragons
  A komodo dragon (shapeshifter) (D:14)
  A guardian mummy (D:14)
  2 polar bears
  3 meliai (D:15)
  A polar bear (shapeshifter) (D:14)
  8 trolls
  A queen bee (D:15)
  A wind drake (Lair:3)
  A hornet (D:10)
  7 slime creatures (D:12)
  3 blink frogs (Lair:2)
  A jumping spider (Lair:2)
  2 shadows
  A vampire (D:10)
  66 yaks
  5 basilisks
  7 wyverns
  A wraith (D:12)
  6 redbacks
  3 fire bats (Gauntlet)
  A steam dragon (Lair:5)
  6 vampire mosquitoes
  2 wargs (Orc:1)
  4 acid dragons
  7 hell hounds
  15 water moccasins
  Duvessa (D:5)
  4 sky beasts
  53 orc warriors
  2 ice beasts
  3 black bears
  16 wolves (Lair:1)
  2 ogres
  2 boggarts (D:15)
  18 centaurs
  4 kobold brigands
  2 phantoms
  17 bullfrogs
  5 necrophages
  5 gnoll sergeants
  4 scorpions
  A wight (D:6)
  Dowan (D:5)
  29 killer bees
  A howler monkey (D:13)
  5 electric eels (D:7)
  A lava snake (Lair:5)
  13 orc priests
  Crazy Yiuf (D:6)
  A gnoll bouda (D:10)
  4 hounds
  3 iguanas
  21 orc wizards
  7 hell rats (Lair:4)
  27 gnolls
  3 river rats (Sewer)
  7 adders
  A shadow imp (D:5)
  2 white imps
  3 ufetubi
  8 worms
  3 dart slugs
  111 orcs
  17 bats
  9 endoplasms
  7 giant cockroaches
  4 goblins
  4 hobgoblins
  2 jackals (D:1)
  14 kobolds
  9 quokkas
  10 ball pythons
  3 frilled lizards
  5 rats
742 creatures vanquished.

Vanquished Creatures (collateral kills)
  A centaur (D:8)
  An orc (Orc:2)
2 creatures vanquished.

Vanquished Creatures (others)
  A gnoll (D:9)
  A bush (Lair:5)
  60 fungi
  113 plants
  8 withered plants (D:15)
183 creatures vanquished.

Grand Total: 927 creatures vanquished

Notes
Turn   | Place    | Note
-------+----------+-------------------------------------------
     0 | D:5      | mopl the Octopode Delver began the quest for the Orb.
     0 | D:5      | Reached XP level 1. HP: 16/16 MP: 1/1
   130 | D:5      | Reached XP level 2. HP: 20/21 MP: 2/2
   183 | D:5      | Reached XP level 3. HP: 17/26 MP: 3/3
   297 | D:5      | Reached skill level 3 in Long Blades
   297 | D:5      | Reached skill level 7 in Stealth
   297 | D:5      | Reached XP level 4. HP: 30/31 MP: 4/4
   414 | D:5      | Noticed a scorpion
   454 | D:5      | Noticed a scorpion
   501 | D:5      | Noticed a scorpion
   509 | D:5      | Killed a scorpion
   510 | D:5      | Reached XP level 5. HP: 30/37 MP: 5/5
   570 | D:5      | Noticed Dowan
   607 | D:5      | Reached skill level 3 in Dodging
   651 | D:5      | Reached skill level 4 in Fighting
   651 | D:5      | Reached skill level 4 in Long Blades
   651 | D:5      | Reached XP level 6. HP: 19/43 MP: 6/6
   743 | D:4      | Found a glowing drain.
   760 | Sewer    | Entered a sewer
  1302 | Sewer    | Reached skill level 8 in Stealth
  1302 | Sewer    | Reached XP level 7. HP: 49/49 MP: 7/7
  1588 | Sewer    | Reached skill level 5 in Long Blades
  1812 | D:3      | Learned a level 3 spell: Mephitic Cloud
  1883 | D:2      | You fall into a shaft and drop 1 floor!
  1951 | D:3      | Found a hazy altar of Hepliaklqana.
  2215 | D:1      | Found a faded altar of an unknown god.
  2958 | D:2      | Reached skill level 1 in Throwing
  2961 | D:2      | Identified the +0 ring mail of Valiance {rElec}
  3184 | D:2      | Found Utott's Armour Boutique.
  3439 | D:3      | Found a glowing silver altar of Zin.
  4104 | D:4      | Reached skill level 1 in Conjurations
  4104 | D:4      | Reached skill level 1 in Poison Magic
  4136 | D:4      | Found a basalt altar of Yredelemnul.
  4136 | D:4      | Found a faded altar of an unknown god.
  4143 | D:4      | Found a burning altar of Makhleb.
  4145 | D:4      | Found a faded altar of an unknown god.
  4147 | D:4      | Found a sacrificial altar of Ru.
  4488 | D:5      | Reached skill level 4 in Dodging
  4488 | D:5      | Reached XP level 8. HP: 54/54 MP: 9/9
  4519 | D:5      | Reached skill level 1 in Spellcasting
  4794 | D:5      | Reached skill level 1 in Air Magic
  5064 | D:5      | Noticed Duvessa
  5066 | D:5      | Killed Duvessa
  5071 | D:5      | Killed Dowan
  5156 | D:5      | Reached skill level 2 in Throwing
  5156 | D:5      | Reached skill level 2 in Poison Magic
  5538 | D:6      | Reached skill level 5 in Fighting
  5538 | D:6      | Reached skill level 6 in Long Blades
  5642 | D:6      | Reached skill level 2 in Spellcasting
  5642 | D:6      | Reached skill level 2 in Conjurations
  5642 | D:6      | Reached skill level 2 in Air Magic
  5656 | D:6      | Reached skill level 9 in Stealth
  5656 | D:6      | Reached skill level 3 in Poison Magic
  5930 | D:6      | Reached skill level 3 in Throwing
  5930 | D:6      | Reached XP level 9. HP: 61/61 MP: 12/12
  6011 | D:6      | Found a runed translucent door.
  6012 | D:6      | Noticed Crazy Yiuf
  6027 | D:6      | Noticed a troll
  6028 | D:6      | Found a staircase to the Ecumenical Temple.
  6048 | D:6      | Killed Crazy Yiuf
  6337 | D:6      | Reached skill level 1 in Short Blades
  7077 | Temple   | Entered the Ecumenical Temple
  7506 | D:7      | Found Edoxilan's Magic Scroll Shop.
  7515 | D:7      | Found the +3 pair of seven-league boots {Rampage+∞}
  7519 | D:7      | Bought a scroll of poison for 48 gold pieces
  7519 | D:7      | Bought a scroll of noise for 12 gold pieces
  7519 | D:7      | Bought a scroll of silence for 114 gold pieces
  7519 | D:7      | Bought a scroll of identify for 24 gold pieces
  7519 | D:7      | Bought a scroll of identify for 24 gold pieces
  7519 | D:7      | Bought a scroll of fear for 48 gold pieces
  7519 | D:7      | Bought a scroll of fog for 48 gold pieces
  7575 | D:7      | Found a flagged portal.
  7585 | Bailey   | Entered a bailey
  7599 | Bailey   | Reached skill level 5 in Dodging
  7993 | Bailey   | Reached skill level 4 in Poison Magic
  8097 | Bailey   | Reached skill level 2 in Short Blades
  8097 | Bailey   | Reached skill level 3 in Spellcasting
  8233 | Bailey   | Reached skill level 4 in Throwing
  8255 | Bailey   | Reached skill level 10 in Stealth
  8309 | Bailey   | Reached skill level 3 in Short Blades
  8484 | Bailey   | Reached skill level 5 in Throwing
  8495 | Bailey   | Reached skill level 4 in Short Blades
  8610 | Bailey   | Reached XP level 10. HP: 53/66 MP: 7/14
  8613 | Bailey   | Reached skill level 11 in Stealth
  9117 | D:7      | Reached skill level 5 in Short Blades
  9425 | D:7      | Reached skill level 6 in Throwing
  9648 | D:8      | Reached skill level 1 in Shields
  9699 | D:8      | Reached skill level 1 in Evocations
  9821 | D:8      | Found a staircase to the Lair.
  9836 | D:8      | Found Godewoog's Weapon Emporium.
  9887 | D:8      | Noticed Gastronok
  9909 | D:8      | Noticed Maggie
 10053 | D:8      | HP: 3/66 [orc warrior/bolt (3)]
 10268 | D:8      | Reached skill level 2 in Evocations
 10356 | D:8      | Found a shimmering altar of Xom.
 10356 | D:8      | Found a shadowy altar of Dithmenos.
 10373 | D:8      | Became a worshipper of Dithmenos the Shadowed
 10480 | D:8      | Reached skill level 12 in Stealth
 10480 | D:8      | Reached skill level 2 in Shields
 10668 | D:8      | Killed Gastronok
 10669 | D:8      | Reached skill level 4 in Spellcasting
 10669 | D:8      | Reached skill level 5 in Poison Magic
 10669 | D:8      | Reached XP level 11. HP: 26/71 MP: 3/17
 10742 | D:8      | Reached skill level 3 in Evocations
 10783 | D:8      | Reached skill level 7 in Throwing
 10791 | D:8      | Reached skill level 3 in Shields
 10898 | D:8      | Killed Maggie
 10916 | D:8      | Reached skill level 6 in Short Blades
 11247 | D:9      | Noticed a two-headed ogre
 11259 | D:9      | Reached * piety under Dithmenos
 11271 | D:9      | Killed a two-headed ogre
 11384 | D:9      | Noticed a two-headed ogre
 11387 | D:9      | Killed a two-headed ogre
 11388 | D:9      | Reached skill level 4 in Evocations
 11965 | D:9      | Reached skill level 4 in Shields
 12263 | D:10     | Entered Level 10 of the Dungeon
 12335 | D:10     | Reached skill level 13 in Stealth
 12690 | D:10     | Reached ** piety under Dithmenos
 12738 | D:10     | Noticed an orc knight
 12759 | D:10     | Killed an orc knight
 12878 | D:10     | Found a staircase to the Orcish Mines.
 13143 | D:10     | Reached skill level 7 in Short Blades
 13267 | D:10     | Reached skill level 5 in Evocations
 13632 | Lair:1   | Entered Level 1 of the Lair of Beasts
 13636 | Lair:1   | Reached skill level 8 in Throwing
 13654 | Lair:1   | Noticed a four-headed hydra
 13738 | Lair:1   | Noticed Harold
 13751 | Lair:1   | Killed Harold
 13752 | Lair:1   | Reached skill level 5 in Shields
 13752 | Lair:1   | Reached XP level 12. HP: 30/77 MP: 15/18
 13952 | Lair:1   | Reached *** piety under Dithmenos
 14085 | Lair:1   | Killed a one-headed hydra
 14098 | Lair:1   | Reached skill level 6 in Evocations
 14823 | Lair:2   | Reached skill level 14 in Stealth
 14893 | Lair:2   | Found a gate leading to a gauntlet.
 14903 | Gauntlet | Entered a Gauntlet
 14903 | Gauntlet | Found a transporter.
 14903 | Gauntlet | Found a large runed translucent door.
 14903 | Gauntlet | Found a large runed translucent door.
 14903 | Gauntlet | Found a large runed translucent door.
 14903 | Gauntlet | Found a large runed translucent door.
 14903 | Gauntlet | Found a large runed translucent door.
 14903 | Gauntlet | Found a large runed translucent door.
 14903 | Gauntlet | Found a runed translucent door.
 14903 | Gauntlet | Found a runed translucent door.
 14903 | Gauntlet | Found a large runed translucent door.
 14903 | Gauntlet | Found a large runed translucent door.
 14903 | Gauntlet | Found a large runed translucent door.
 14903 | Gauntlet | Found a large runed translucent door.
 14903 | Gauntlet | Found a large runed translucent door.
 14903 | Gauntlet | Found a large runed translucent door.
 14908 | Gauntlet | Learned a level 3 spell: Swiftness
 14908 | Gauntlet | Found a large runed translucent door.
 14908 | Gauntlet | Found a large runed translucent door.
 14908 | Gauntlet | Found a large runed translucent door.
 14910 | Gauntlet | Found a transporter.
 14910 | Gauntlet | Found a runed translucent gate.
 14910 | Gauntlet | Found a runed translucent gate.
 14910 | Gauntlet | Found a runed translucent gate.
 14910 | Gauntlet | Noticed a hell hog
 14912 | Gauntlet | Found a transporter.
 14913 | Gauntlet | Found a transporter.
 14915 | Gauntlet | Found a transporter.
 14918 | Gauntlet | Noticed a dire elephant
 14922 | Gauntlet | Found a transporter.
 14926 | Gauntlet | Found a large runed translucent door.
 14929 | Gauntlet | Found a transporter.
 14930 | Gauntlet | Found a transporter.
 14965 | Gauntlet | Found a transporter.
 14984 | Gauntlet | Found a transporter.
 14984 | Gauntlet | Found a transporter.
 14992 | Gauntlet | Found a transporter.
 15045 | Gauntlet | Identified the amulet of Jar Wad {Acrobat Contam rF+++
                  | Dex-3 Slay+5}
 15110 | Gauntlet | Reached skill level 6 in Shields
 15128 | Gauntlet | Identified the +1 hat of Indecent Exposure {rElec Slay+2}
 15214 | Gauntlet | Noticed a minotaur
 15227 | Gauntlet | Killed a minotaur
 15227 | Gauntlet | Reached **** piety under Dithmenos
 15228 | Gauntlet | Reached skill level 8 in Short Blades
 15236 | Gauntlet | Identified the +2 plate armour of Limitation {rC+ Int-4
                  | SInv}
 15393 | Lair:2   | Reached skill level 6 in Fighting
 15519 | Lair:2   | Reached skill level 9 in Throwing
 15523 | Lair:2   | Reached skill level 3 in Air Magic
 15808 | Lair:2   | Found a hole to the Spider Nest.
 16086 | Lair:3   | Reached skill level 7 in Evocations
 16086 | Lair:3   | Reached XP level 13. HP: 80/83 MP: 19/19
 16171 | Lair:3   | Found a staircase to the Shoals.
 16772 | Lair:3   | Noticed Amaemon
 16917 | Lair:3   | Killed Amaemon
 16918 | Lair:3   | Reached skill level 4 in Air Magic
 17220 | Lair:4   | Found a runed translucent door.
 17220 | Lair:4   | Found a viscous altar of Jiyva.
 17220 | Lair:4   | Found a staircase to the Slime Pits.
 17220 | Lair:4   | Noticed an acid blob
 17220 | Lair:4   | Noticed an acid blob
 17332 | Lair:4   | Reached skill level 7 in Shields
 17340 | Lair:4   | Found a blossoming altar of Fedhas.
 17453 | Lair:4   | Reached ***** piety under Dithmenos
 17454 | Lair:4   | Reached skill level 15 in Stealth
 17795 | Lair:4   | Reached skill level 7 in Fighting
 17879 | Lair:5   | Entered Level 5 of the Lair of Beasts
 17905 | Lair:4   | Reached skill level 9 in Short Blades
 17961 | Lair:5   | Reached skill level 8 in Evocations
 18485 | Lair:5   | Reached skill level 5 in Air Magic
 18796 | Lair:4   | Reached skill level 10 in Throwing
 18860 | Lair:5   | Reached XP level 14. HP: 84/92 MP: 20/20
 19256 | Lair:5   | Learned a level 5 spell: Freezing Cloud
 19534 | D:11     | Noticed Psyche
 19576 | D:11     | Reached skill level 8 in Shields
 19641 | D:11     | Killed Psyche
 19771 | D:11     | Reached skill level 1 in Ice Magic
 20023 | Orc:1    | Entered Level 1 of the Orcish Mines
 20289 | Orc:1    | Found an ornate altar of the Wu Jian Council.
 20290 | Orc:1    | Found a transporter.
 20315 | Orc:1    | Found a transporter.
 20322 | Orc:1    | Found a transporter.
 20342 | Orc:1    | Found a transporter.
 20343 | Orc:1    | Found an ornate altar of the Wu Jian Council.
 20343 | Orc:1    | Noticed an orc warlord
 20484 | Orc:1    | Reached skill level 8 in Fighting
 20502 | Orc:1    | Killed an orc warlord
 20598 | Orc:2    | Entered Level 2 of the Orcish Mines
 20751 | Orc:1    | Reached skill level 9 in Evocations
 20837 | Orc:1    | Reached skill level 3 in Conjurations
 20894 | Orc:2    | Found Nugoy's Book Boutique.
 20922 | Orc:2    | Reached ****** piety under Dithmenos
 21028 | Orc:2    | Reached skill level 16 in Stealth
 21028 | Orc:2    | Reached skill level 2 in Ice Magic
 21554 | Orc:2    | Noticed an orc warlord
 21673 | Orc:2    | Killed an orc warlord
 21732 | Orc:2    | Found Maufuc's Antique Armour Boutique.
 21734 | Orc:2    | Found Xaigg's Antique Weapon Shop.
 21845 | Orc:2    | Found Ighourid's Antique Armour Shoppe.
 21876 | Orc:2    | Bought a shiny buckler for 172 gold pieces
 21951 | Orc:2    | Found a staircase to the Elven Halls.
 22009 | Orc:2    | Found Ycwaidan's Antique Armour Shop.
 22532 | D:12     | Found a runed translucent gate.
 22532 | D:12     | Found a runed translucent gate.
 22532 | D:12     | Found a runed translucent gate.
 22533 | D:12     | Noticed t4s4d4r's ghost (journeyman DECj)
 22824 | D:12     | Reached skill level 5 in Spellcasting
 22824 | D:12     | Reached skill level 3 in Ice Magic
 23169 | D:12     | Reached XP level 15. HP: 100/100 MP: 22/22
 23757 | D:13     | Reached skill level 6 in Dodging
 23760 | D:13     | Reached skill level 7 in Long Blades
 23787 | D:13     | Reached skill level 11 in Throwing
 23913 | D:14     | Learned a level 4 spell: Olgreb's Toxic Radiance
 23929 | D:14     | Learned a level 3 spell: Tukima's Dance
 23953 | D:14     | Reached skill level 9 in Shields
 24021 | D:14     | Found a broken altar of Ashenzari.
 24155 | D:14     | Reached skill level 9 in Fighting
 24179 | D:14     | Found a gate to the Vaults.
 24214 | D:14     | Reached skill level 10 in Evocations
 24297 | D:14     | Reached skill level 1 in Hexes
 24524 | D:14     | Found Akhlaipu's Antique Armour Shop.
 24532 | D:14     | Bought a heavily runed buckler for 256 gold pieces
 24532 | D:14     | Identified the +5 buckler "Aletus" {Str-4 Int+4 Dex+2
                  | Stlth+} (You bought it in a shop on level 14 of the
                  | Dungeon)
 24549 | D:14     | Bought a shiny orb for 324 gold pieces
 24589 | D:14     | Reached skill level 6 in Air Magic
 24712 | D:15     | Entered Level 15 of the Dungeon
 24770 | D:15     | Found a radiant altar of Vehumet.
 24882 | D:15     | Reached skill level 2 in Hexes
 24994 | D:15     | Found a staircase to the Depths.
 25221 | D:15     | Reached skill level 17 in Stealth
 25384 | D:15     | Paralysed by an ogre mage for 5 turns
 25425 | D:14     | Reached skill level 6 in Poison Magic
 25528 | D:15     | Paralysed by an ogre mage for 4 turns
 25531 | D:15     | Shot with an arrow by a centaur

Illustrated notes

Levels and vault maps discovered:
D:1:      amcnicky_arrival_underground_garden, layout_loops_ring,
          shapermc_ecumenical_altar_notcrosses, hangedman_decor_diamond_cutter
D:2:      layout_basic, serial_shops, shop_statue, minmay_worlds_worst_comb
D:3:      layout_loops_cross, zin_academy, nicolae_hepliaklqana_hippocampus,
          grunt_decor_mini_mirrors, roderic_batcave, minivault_26,
          grunt_decor_one_mirror
D:4:      layout_basic, chequers_temple_overflow_minitemple,
          gup_sewer_entry_pipe
D:5:      layout_loops_corners, uniq_duvessa
D:6:      layout_loops_ring, temple_doors_e, uniq_crazy_yiuf_cottage
D:7:      layout_rooms, enter_bailey_8, serial_shops, shop_scrolls,
          chequers_serial_rivers_large_a, serial_bayou_lagoon_b
D:8:      layout_gridville, gammafunk_temple_overflow_elements,
          due_lair_maze_entry_diamond, serial_shops, shop, uniq_maggie,
          uniq_gastronok
D:9:      layout_loops_corners
D:10:     layout_layer_cave, david_orc_5
D:11:     layout_loops_ring, moated_statue, uniq_psyche
D:12:     layout_loops_corners, gammafunk_ghost_split
D:13:     layout_layer_cave, minmay_joined_circles
D:14:     layout_grid_maze, david_vaults_4, serial_shops, nicolae_diamond_shop,
          evilmike_ruin_ashenzari, minmay_three_doors
D:15:     gammafunk_depths_entry_grave, layout_rooms, special_room
          [special_room_bee], nicolae_uskayaw_murder_on_the_dancefloor,
          nicolae_vehumet_altar_sigil
Temple:   regret_index_temple_generic_petals
Lair:1:   layout_gridlike, serial_bayou_shore_a, uniq_harold
Lair:2:   layout_chaotic_city, spider_nest_entry_funnel_web,
          gauntlet_entry_generic
Lair:3:   layout_regular_city, minmay_shoals_entry_beasts, grunt_megastairs_1,
          uniq_amaemon
Lair:4:   layout_concentric_octagons, slime_entry_2, basic_altar,
          lemuel_fruit_fields, infiniplex_staircase_pool_2
Lair:5:   cheibrodos_lair_end_hotspot, layout_misc_corridors
Orc:1:    dreamdust_wu_jian_sword_trials, layout_diamond_mine
Orc:2:    grunt_orc_community_town_hall, layout_caves,
          grunt_orc_community_big_house_1, grunt_orc_community_big_house_2,
          grunt_orc_community_house_2, grunt_orc_community_house_2,
          grunt_orc_community_house_1, grunt_orc_community_house_1,
          grunt_orc_community_house_3, serial_shops, shop

Skill      XL: |  1  2  3  4  5  6  7  8  9 10 11 12 13 14 15 |
---------------+----------------------------------------------+-----
Long Blades    | 3 4 5 6 7 |  7.5
Stealth        | 7 8 9 10 12 13 14 15 16 17 | 17.0
Dodging        | 3 4 5 6 |  6.6
Fighting       | 4 5 6 7 8 9 |  9.3
Throwing       | 1 3 5 6 8 9 10 11 | 11.3
Conjurations   | 1 2 3 |  3.5
Poison Magic   | 1 3 4 5 6 |  6.0
Spellcasting   | 2 3 4 5 |  5.0
Air Magic      | 2 3 5 6 |  6.2
Short Blades   | 4 5 7 8 9 |  9.2
Shields        | 2 5 6 7 8 9 |  9.3
Evocations     | 2 5 7 8 9 10 | 10.3
Ice Magic      | 3 |  3.0
Hexes          | 2 |  2.4

Action                   |  1- 3 |  4- 6 |  7- 9 | 10-12 | 13-15 || total
-------------------------+-------+-------+-------+-------+-------++-------
Melee: Falchion          |    13 |       |       |       |       ||    13
       Tentacles         |     6 |    18 |    68 |   205 |   346 ||   643
       Constrict         |     3 |    16 |    55 |   119 |   142 ||   335
       Dagger            |       |    71 |   313 |   633 |   938 ||  1955
       Punch             |       |     1 |     5 |    14 |    23 ||    43
       Long sword        |       |       |       |    18 |       ||    18
       Rapier            |       |       |       |     3 |    26 ||    29
       Scimitar          |       |       |       |       |    65 ||    65
Throw: Throwing net      |       |       |     1 |       |       ||     1
       Dart              |       |       |    13 |    20 |    15 ||    48
       Javelin           |       |       |       |       |     9 ||     9
       Boomerang         |       |       |       |       |     1 ||     1
 Cast: Mephitic Cloud    |       |       |    11 |    67 |    91 ||   169
       Swiftness         |       |       |       |       |     6 ||     6
       Freezing Cloud    |       |       |       |       |     2 ||     2
       Tukima's Dance    |       |       |       |       |     1 ||     1
Evoke: Wand              |       |       |       |    12 |    10 ||    22
  Use: Scroll            |       |       |    11 |    11 |     5 ||    27
       Potion            |       |       |     1 |     7 |     3 ||    11
 Stab: Distracted        |     1 |       |       |     5 |     3 ||     9
       Sleeping          |     1 |    13 |    54 |    23 |    82 ||   173
       Held in net/web   |       |       |     2 |       |       ||     2
       Confused          |       |       |     1 |    38 |    77 ||   116
       Invisible         |       |       |     1 |     3 |       ||     4
       Paralysed         |       |       |       |     2 |     6 ||     8
Armor: Skin              |     2 |     1 |    16 |    31 |    68 ||   118
Dodge: Dodged            |    14 |    29 |   197 |   341 |   521 ||  1102
Block: Buckler           |       |       |       |       |    54 ||    54
       Reflection        |       |       |       |       |     8 ||     8
